 Dungeon Crawl Stone Soup version 0.31.0-11-ge490571c62 (webtiles) character file.

Game seed: 9820901793089115013

118 Gadfly the Insei (level 4, -4/35 HPs)
             Began as a Demonspawn Monk on Feb 5, 2024.
             Splashed by a jelly's acid (11 damage)
             ... on level 4 of the Dungeon.
             The game lasted 00:03:47 (2759 turns).

Gadfly the Insei (Demonspawn Monk)                  Turns: 2759, Time: 00:03:49

Health: -4/35      AC: -4    Str: 14    XL:     4   Next: 72%
Magic:  4/4        EV: 13    Int: 10    God:
Gold:   145        SH:  0    Dex: 15    Spells: 3/3 levels left

rFire   + .          .
                       - Unarmed
rCold   . . .        c - orb {light}
rNeg    . . .        a - +0 robe
rPois   .            (no helmet)
rElec   .            (no cloak)
rCorr   .            (no gloves)
SInv    .            (no boots)
Will    .....        f - amulet of faith
Stlth   +            g - ring of protection from fire
HPRegen 0.25/turn    (no ring)
MPRegen 0.09/turn

%: faith
@: corroded, glowing
A: icy blue scales 1, foul stench 1, demonic touch 1
a: no special abilities


You were on level 4 of the Dungeon.
You visited 1 branch of the dungeon, and saw 4 of its levels.

You collected 145 gold pieces.

Inventory:

Armour
 a - a +0 robe (worn)
 c - an orb of light (worn)
Jewellery
 f - an amulet of faith (around neck)
 g - a ring of protection from fire (left hand)
Talismans
 j - a dragon-blood talisman
Potions
 b - 4 potions of ambrosia
 d - a potion of mutation {unknown}
 e - 3 potions of heal wounds
 h - a potion of haste
 i - a potion of curing {unknown}
 k - a potion of attraction {unknown}
 m - a potion of cancellation {unknown}


   Skills:
 - Level 3.0 Fighting
 + Level 3.1 Dodging
 * Level 3.5 Unarmed Combat
 * Level 2.0 Evocations
 * Level 1.8 Shapeshifting


You had 3 spell levels left.
You didn't know any spells.
Your spell library contained the following spells:

 Spells                   Type           Power      Damage    Failure   Level
 Hailstorm                Conj/Ice       0%         3d5       75%         3
 Summon Ice Beast         Ice/Summ       0%         N/A       75%         3
 Airstrike                Air            0%         2d(0-16)  98%         4
 Plasma Beam              Fire/Air       0%         2x1d10    100%        6
 Sculpt Simulacrum        Ice/Alch       0%         N/A       100%        6


Dungeon Overview and Level Annotations

Branches:
Dungeon (4/15)
 Temple: D:4-7

Altars:
Ashenzari
Gozag
Trog


Innate Abilities, Weirdness & Mutations

You are partially covered in icy blue scales. (AC +2)
You may rarely emit foul miasma when damaged in melee.
Your touch may inflict minor irresistible damage on your foes.


Message History

Done exploring.
There is a stone staircase leading down here.
You climb downwards.
The jelly quivers.
Found a stone staircase leading down.
There is a stone staircase leading up here.
A jelly is nearby!
A jelly is nearby!
You hit the jelly but do no damage.
Your hands burn!
You hit the jelly. The acid corrodes you!
Your hands burn!
The jelly is moderately wounded.
The jelly barely misses you.
You hit the jelly.
Your hands burn!
The jelly is heavily wounded.
The jelly misses you.
You hit the jelly. The acid corrodes you!
Your hands burn!
The jelly is severely wounded.
The jelly hits you.
You are splashed with acid!
You are too injured to fight recklessly!
You are too injured to fight recklessly!
You are too injured to fight recklessly!
You are too injured to fight recklessly!
You are too injured to fight recklessly!
You are too injured to fight recklessly!
You are too injured to fight recklessly!
You are too injured to fight recklessly!
You are too injured to fight recklessly!
You are too injured to fight recklessly!
You are too injured to fight recklessly!
You are too injured to fight recklessly!
You are too injured to fight recklessly!
You are too injured to fight recklessly!
You are too injured to fight recklessly!
You hit the jelly but do no damage.
Your hands burn!
* * * LOW HITPOINT WARNING * * *
The jelly is severely wounded.
The jelly hits you.
* * * LOW HITPOINT WARNING * * *
You are splashed with acid!
You die...

. #. ..
### #.
..#
#..##.#
#....J#
#@# #.##
#<.#
#......#
#......#
#......#
...>...#
#......#
.......#


You could see a jelly.

Vanquished Creatures
  4 adders
  3 dart slugs
  2 ribbon worms
  2 bats (D:1)
  3 endoplasms
  2 giant cockroaches
  11 goblins
  10 hobgoblins
  2 quokkas (D:1)
  10 ball pythons
  3 frilled lizards
  9 kobolds
  7 rats
68 creatures vanquished.

Notes
Turn   | Place    | Note
-------+----------+-------------------------------------------
     0 | D:1      | Gadfly the Demonspawn Monk began the quest for the Orb.
     0 | D:1      | Reached XP level 1. HP: 18/18 MP: 1/1
   137 | D:1      | Gained mutation: You may rarely emit foul miasma when
                  | damaged in melee. [demonic ancestry]
   137 | D:1      | Reached XP level 2. HP: 22/24 MP: 2/2
   466 | D:1      | Reached skill level 1 in Shapeshifting
   473 | D:1      | Reached skill level 1 in Evocations
   526 | D:1      | Gained mutation: Your touch may inflict minor irresistible
                  | damage on your foes. [demonic ancestry]
   526 | D:1      | Reached XP level 3. HP: 22/29 MP: 3/3
  1403 | D:2      | Got the Guidebook on the Atmosphere
  1425 | D:2      | Gained mutation: You are partially covered in icy blue
                  | scales. (AC +2) [demonic ancestry]
  1425 | D:2      | Reached XP level 4. HP: 19/35 MP: 4/4
  2225 | D:3      | Found a bloodstained altar of Trog.
  2326 | D:3      | Found a broken altar of Ashenzari.
  2618 | D:3      | Found an opulent altar of Gozag.
  2759 | D:4      | Splashed by a jelly's acid

Illustrated notes

Levels and vault maps discovered:
D:1:      orjb1_clovarrival, layout_basic, serial_bayou, serial_bayou_pond_d,
          serial_bayou_shore_b, serial_bayou_lagoon_a, serial_bayou_ford_a,
          minmay_split_cup_large
D:2:      minmay_wonky_spiral, layout_basic
D:3:      layout_loops_ring, nicolae_ashenzari_skybound,
          grunt_gozag_breadcrumbs, bloody_trog, serial_glass, glass_columns_a,
          glass_columns_c, minmay_strange_pillars, due_unseen_surprise,
          item_on_display_a
D:4:      layout_basic, xom_confusion_cloud,
          minmay_temple_entry_statues_pillars, serial_shops, shop,
          uniq_crazy_yiuf_cottage, uniq_menkaure

Skill      XL: |  1  2  3  4 |
---------------+-------------+-----
Unarmed Combat | 3 |  3.5
Shapeshifting  | 1 |  1.8
Evocations     | 1 2 |  2.0
Dodging        | 3 |  3.1
Fighting       | |  3.0

Action                     |  1- 3 |  4- 6 || total
---------------------------+-------+-------++-------
  Melee: Unarmed           |   148 |    88 ||   236
    Use: Scroll            |     2 |     3 ||     5
         Potion            |     1 |     1 ||     2
 Armour: Robe              |    74 |    39 ||   113
  Dodge: Dodged            |   104 |    44 ||   148
